 Dungeon Crawl Stone Soup version 0.28-a0-511-gcc94558de3 (webtiles) character file.

Game seed: 2443692158789680388

1031 bande the Chopper (level 8, 0/52 HPs)
             Began as a Gargoyle Fighter on Sept 21, 2021.
             Slain by a yak (4 damage)
             ... on level 5 of the Dungeon.
             The game lasted 00:10:19 (4784 turns).

bande the Chopper (Gargoyle Fighter)                Turns: 4784, Time: 00:10:20

Health: 0/52       AC: 21    Str: 28    XL:     8   Next: 23%
Magic:  8/8        EV:  8    Int:  8    God:
Gold:   361        SH:  4    Dex: 10    Spells: 7/7 levels left

rFire   + . .      SeeInvis .   a - +0 war axe
rCold   + . .      Faith    .   c - +0 buckler
rNeg    + . .      Spirit   .   o - +0 chain mail
rPois   ∞          Reflect  .   u - +2 helmet
rElec   +          Harm     .   f - scarf {rC+ rF+}
rCorr   .          Rampage  .   (no gloves)
Will    .....      Clarity  +   g - +2 pair of boots
Stlth   ..........              (no amulet)
HPRegen 0.17/turn               h - +6 ring of strength
MPRegen 0.11/turn               (no ring)

@: no status effects
A: sickness immunity, AC +5, negative energy resistance 1, electricity
resistance, torment resistance 1, petrification resistance, clarity, robust 1,
MP-powered wands
a: no special abilities


You were on level 5 of the Dungeon.
You visited 2 branches of the dungeon, and saw 6 of its levels.
You also visited: Sewer.

You collected 361 gold pieces.

Inventory:

Hand Weapons
 a - a +0 war axe (weapon)
 m - a +0 flail
 w - a +0 broad axe
Missiles
 n - a throwing net (quivered)
Armour
 c - a +0 buckler (worn)
 f - a scarf of resistance (worn)
 g - a +2 pair of boots (worn)
 o - a +0 chain mail (worn)
 u - a +2 helmet (worn)
Jewellery
 e - an amulet of the acrobat
 h - a +6 ring of strength (left hand)
Wands
 b - a wand of iceblast (6)
 s - a wand of flame (5)
Scrolls
 l - a scroll of blinking
 q - a scroll of teleportation
 r - a scroll of fear
 v - a scroll of magic mapping
 x - 2 scrolls of identify
Potions
 d - a potion of might
 i - a potion of haste
 j - a potion of magic {unknown}
 k - a potion of heal wounds {unknown}
 p - 5 potions of curing {unknown}
 t - a potion of ambrosia {unknown}


   Skills:
 + Level 4.8 Fighting
 + Level 6.6 Axes
 + Level 5.0 Armour
 + Level 4.5 Shields
 * Level 2.1 Evocations


You had 7 spell levels left.
You didn't know any spells.
Your spell library contained the following spells:

 Spells                   Type           Power      Damage    Failure   Level
 Foxfire                  Conj/Fire      0%         2x1d4     93%         1
 Freeze                   Ice            0%         1d3       93%         1
 Pain                     Necr           0%         1d4       93%         1
 Corpse Rot               Necr/Air       N/A        N/A       98%         2
 Poisonous Vapours        Pois/Air       0%         N/A       98%         2
 Conjure Flame            Conj/Fire      0%         6-21      100%        3
 Frozen Ramparts          Ice            0%         1d2       100%        3
 Inner Flame              Hex/Fire       0%         N/A       100%        3
 Flame Wave               Conj/Fire      0%         3d3       100%        4
 Hailstorm                Conj/Ice       0%         3d3       100%        4
 Agony                    Necr           0%         N/A       100%        5
 Excruciating Wounds      Necr           0%         N/A       100%        5


Dungeon Overview and Level Annotations

Branches:
Dungeon (5/15)             Temple (1/1) D:4           Sewer (visited)

Altars:
Cheibriados
Fedhas
Gozag
Nemelex Xobeh
Uskayaw
Xom
Yredelemnul
Zin
The Shining One
Lugonu


Innate Abilities, Weirdness & Mutations

You are immune to sickness and miasma.
Your stone body is resilient. (AC +5)
You are immune to poison.
You resist negative energy. (rN+)
You are resistant to electric shocks. (rElec)
You are resistant to unholy torment.
You are immune to petrification.
You possess an exceptional clarity of mind.
You are robust. (+10% HP)
You expend magic power (3 MP) to strengthen your wands.


Message History

The yak gores you! The yak gores you. The yak gores you but does no damage.
You block the yak's attack. The yak gores you but does no damage.
You hit the yak.
The yak is severely wounded.
You slash the yak! x2; You hit the yak. You slash the yak!
The yak gores you but does no damage. x2; The yak completely misses you.
The yak closely misses you. x2; The yak gores you but does no damage.
You hit the yak.
The yak is almost dead.
You hit the yak but do no damage. You barely miss the yak. You hit the yak. x2
The yak misses you. The yak gores you but does no damage.
The yak barely misses you. The yak gores you.
The yak gores you but does no damage.
You are too injured to fight recklessly!
You are too injured to fight recklessly!
You slash the yak!
The yak is heavily wounded.
You hit the yak. x2; You barely miss the yak.
You slash the yak!
The yak gores you but does no damage. x2; You block the yak's attack.
The yak misses you. The yak gores you but does no damage.
You block the yak's attack.
Unknown command.
You closely miss the yak.
The yak is heavily wounded.
You barely miss the yak. You hit the yak. You slash the yak!
You kill the yak!
You hit the yak. The yak barely misses you. You block the yak's attack. x2
The yak gores you!
Your Armour skill increases to level 5!
Your Evocations skill increases to level 2!
You slash the yak!
The yak is almost dead.
You hit the yak but do no damage. You barely miss the yak. You hit the yak.
The yak gores you!
* * * LOW HITPOINT WARNING * * *
The yak gores you but does no damage. The yak gores you!
* * * LOW HITPOINT WARNING * * *
The yak barely misses you. The yak gores you but does no damage.
The yak gores you.
You die...

.. ...
#######...
#.........
#.........
#.........
#.<.......
#.##........
#..†@Y...###
#..YYY...#
#.[..>...#
#......[.#
####.......
#...[####
#....#
#....#


You could see 4 yaks.

Vanquished Creatures
  A yak (D:5)
  A steam dragon (D:3)
  2 bullfrogs
  5 hounds
  Jessica (D:3)
  Terence (D:3)
  Natasha (thrice) (D:2)
  Robin (D:3)
  7 gnolls (D:4)
  10 adders
  3 dart slugs
  3 worms
  12 orcs
  16 ball pythons
  14 endoplasms
  13 giant cockroaches
  17 goblins
  8 hobgoblins
  3 jackals (D:3)
  14 quokkas
  7 bats
  12 frilled lizards
  A kobold (D:1)
  5 rats
160 creatures vanquished.

Vanquished Creatures (others)
  A demonic plant (Temple)
  7 fungi (D:3)
  4 toadstools (D:3)
12 creatures vanquished.

Grand Total: 172 creatures vanquished

Notes
Turn   | Place    | Note
-------+----------+-------------------------------------------
     0 | D:1      | bande the Gargoyle Fighter began the quest for the Orb.
     0 | D:1      | Reached XP level 1. HP: 14/14 MP: 1/1
   186 | D:1      | Reached skill level 2 in Axes
   663 | D:1      | Reached XP level 2. HP: 19/19 MP: 2/2
   721 | D:1      | Found a faded altar of an unknown god.
   774 | D:2      | Gained mutation: You have hidden genetic potential. [potion
                  | of mutation]
   774 | D:2      | Gained mutation: You are robust. (+10% HP) [potion of
                  | mutation]
   861 | D:2      | Noticed Natasha
   870 | D:2      | Noticed a crimson imp
   872 | D:2      | Killed Natasha
   873 | D:2      | Reached XP level 3. HP: 12/26 MP: 3/3
   873 | D:2      | Gained mutation: You possess an exceptional clarity of
                  | mind. [hidden potential]
  1033 | D:2      | Noticed Natasha
  1045 | D:2      | Killed Natasha
  1046 | D:2      | Reached XP level 4. HP: 25/31 MP: 4/4
  1244 | D:2      | Reached skill level 3 in Axes
  1253 | D:2      | Gained mutation: You expend magic power (3 MP) to
                  | strengthen your wands. [hidden potential]
  1253 | D:2      | Lost mutation: You have hidden genetic potential. [hidden
                  | potential expressed]
  1383 | D:2      | Noticed Natasha
  1393 | D:2      | Killed Natasha
  1777 | D:2      | Reached XP level 5. HP: 36/36 MP: 5/5
  1889 | D:3      | Noticed Jessica
  1892 | D:3      | Killed Jessica
  1907 | D:3      | Found a glowing drain.
  1937 | Sewer    | Entered a sewer
  2064 | Sewer    | Reached skill level 4 in Axes
  2256 | Sewer    | Reached XP level 6. HP: 37/41 MP: 6/6
  2637 | D:3      | Noticed Terence
  2645 | D:3      | Killed Terence
  2803 | D:3      | Noticed Robin
  2841 | D:3      | Killed Robin
  3106 | D:3      | Noticed a steam dragon
  3112 | D:3      | Reached skill level 5 in Axes
  3125 | D:3      | Killed a steam dragon
  3126 | D:3      | Reached skill level 1 in Evocations
  3126 | D:3      | Reached XP level 7. HP: 43/48 MP: 7/7
  3319 | D:3      | Found an opulent altar of Gozag.
  4150 | D:4      | Reached skill level 6 in Axes
  4162 | D:4      | Found a staircase to the Ecumenical Temple.
  4173 | Temple   | Entered the Ecumenical Temple
  4492 | D:4      | Reached XP level 8. HP: 51/52 MP: 8/8
  4771 | D:5      | Entered Level 5 of the Dungeon
  4771 | D:5      | Noticed a yak
  4771 | D:5      | Noticed a yak
  4772 | D:5      | Noticed a yak
  4773 | D:5      | Noticed a yak
  4774 | D:5      | Noticed a yak
  4783 | D:5      | Killed a yak
  4784 | D:5      | Reached skill level 5 in Armour
  4784 | D:5      | Slain by a yak

Illustrated notes

Levels and vault maps discovered:
D:1:      minmay_arrival_checkered_box, layout_basic,
          hellmonk_ecumenical_altar_heavens_door, minmay_pentomino_v4
D:2:      layout_loops_ring, kennysheep_generic_room_10, uniq_natasha
D:3:      layout_loops_ring, nicolae_gozag_cash_rules_everything_around_me,
          cheibrodos_sewer_entry_sluice, minmay_gold_behind_fungi,
          minmay_pentangle, uniq_terence, uniq_jessica, uniq_robin
D:4:      layout_basic, minmay_temple_entry_ruins
D:5:      layout_basic, enter_ossuary_1, minivault_24, grunt_tough_drop,
          uniq_prince_ribbit1
Temple:   corrupted_temple

Skill      XL: |  1  2  3  4  5  6  7  8 |
---------------+-------------------------+-----
Axes           | 2 3 4 5 6 |  6.6
Fighting       | 4 |  4.8
Armour         | 4 5 |  5.0
Shields        | 4 |  4.5
Evocations     | 1 2 |  2.1

Action                   |  1- 3 |  4- 6 |  7- 9 || total
-------------------------+-------+-------+-------++-------
Melee: War axe           |    60 |   362 |   116 ||   538
  Use: Scroll            |     6 |     2 |     3 ||    11
       Potion            |     2 |       |       ||     2
Armor: Scale mail        |    44 |   225 |       ||   269
       Chain mail        |       |    54 |    98 ||   152
Dodge: Dodged            |    30 |   226 |    51 ||   307
Block: Buckler           |    14 |    76 |    33 ||   123

Table legend: (Time is in decaauts)
 A = Elapsed time spent in this place.
 B = Non-inter-level travel time spent in this place.
 C = Inter-level travel time spent in this place.
 D = Time resting spent in this place.
 E = Time spent auto-exploring this place.
 F = Levels seen in this place.
 G = Mean time per level.
                   A        B        C        D        E       F      G
               +--------+--------+--------+--------+--------+-----+--------+
         Total |   5007 |   4952 |     55 |    297 |   3263 |   7 |  715.3 |
       Dungeon |   4230 |   4175 |     55 |    259 |   2941 |   5 |  846.0 |
        Temple |     46 |     46 |      0 |      0 |     22 |   1 |   46.0 |
         Sewer |    730 |    730 |      0 |     38 |    299 |   1 |  730.0 |
               +--------+--------+--------+--------+--------+-----+--------+

Top non-repeatable levels by time:
     D:4: 1268 daAuts
     D:2: 1158 daAuts
     D:3: 1019 daAuts
     D:1: 768 daAuts
   Sewer: 730 daAuts
  Temple: 46 daAuts
     D:5: 14 daAuts
